 Dungeon Crawl Stone Soup version 0.26-b1-32-g5d43845318 (webtiles) character file.

Game seed: 4061576294199959589

2216 MisterFreud the Frost Mage (level 9, -2/68 HPs)
             Began as a Demonspawn Ice Elementalist on Jan 11, 2021.
             Was an Initiate of Gozag.
             Killed from afar by an orc wizard (19 damage)
             ... with a bolt of acid
             ... on level 7 of the Dungeon.
             The game lasted 00:12:43 (7416 turns).

MisterFreud the Frost Mage (DsIE)                   Turns: 7416, Time: 00:12:43

Health: -2/68      AC:  3    Str: 10    XL:     9   Next: 13%
Magic:  15/15      EV: 12    Int: 19    God:    Gozag
Gold:   587        SH:  5    Dex: 15    Spells: 10/16 levels left

rFire    . . .     SeeInvis .   i - +2 hand axe (vamp)
rCold    . . .     Faith    .   (no shield)
rNeg     . . .     Spirit   .   a - +0 robe
rPois    +         Reflect  +   (helmet restricted)
rElec    .         Harm     .   B - +0 cloak
rCorr    .         Rampage  .   (no gloves)
Will     .....                  (no boots)
Stlth    +++.......             e - amulet of reflection
HPRegen  0.21/turn              f - ring of poison resistance
MPRegen  0.14/turn              h - ring of wizardry

@: no status effects
A: horns 1, thin skeletal structure 1, spiny 3
a: Renounce Religion, Potion Petition, Call Merchant, Bribe Branch


You were on level 7 of the Dungeon.
You worshipped Gozag.
Gozag was pleased with you.
You visited 2 branches of the dungeon, and saw 8 of its levels.

You collected 636 gold pieces.
You paid 49 gold pieces to Gozag.

Inventory:

Hand Weapons
 b - a +0 club
 c - a +0 dagger
 i - a +2 vampiric hand axe (weapon)
Missiles
 t - 7 curare-tipped darts (quivered)
 u - 8 boomerangs
Armour
 a - a +0 robe (worn)
 p - a +0 cloak
 B - a +0 cloak (worn)
Jewellery
 e - an amulet of reflection (around neck)
 f - a ring of poison resistance (left hand)
 h - a ring of wizardry (right hand)
 D - a +6 ring of intelligence {unknown}
Wands
 v - a wand of iceblast (6)
 C - a wand of flame (15)
Scrolls
 d - a scroll of enchant armour {unknown}
 g - 2 scrolls of blinking {unknown}
 k - 3 scrolls of identify
 l - 3 scrolls of amnesia
 n - 3 scrolls of fog {unknown}
 o - 6 scrolls of remove curse
 q - a scroll of fear {unknown}
 s - 2 scrolls of noise
 y - a scroll of enchant weapon {unknown}
 z - a scroll of teleportation {unknown}
 A - a scroll of immolation {unknown}
Potions
 j - 2 potions of curing
 m - 2 potions of heal wounds
 r - a potion of might {unknown}
 w - a potion of lignification {unknown}
 x - a potion of invisibility {unknown}


   Skills:
 + Level 5.3 Fighting
 - Level 1.7 Dodging
 - Level 1.7 Stealth
 - Level 4.0 Spellcasting
 - Level 10.0 Ice Magic


You had 10 spell levels left.
You knew the following spells:

 Your Spells              Type           Power        Failure   Level
b - Frozen Ramparts       Ice            82%          1%          3
c - Ozocubu's Armour      Ice            41%          1%          3

Your spell library contained the following spells:

 Spells                   Type           Power        Failure   Level
 Freeze                   Ice            100%         1%          1
 Hailstorm                Conj/Ice       22%          7%          4
 Summon Ice Beast         Ice/Summ       22%          7%          4


Dungeon Overview and Level Annotations

Branches:
Dungeon (7/15)             Temple (1/1) D:4

Altars:
Ashenzari
Cheibriados
Gozag
Kikubaaqudgha
Nemelex Xobeh
Okawaru
Qazlal
Sif Muna
Uskayaw
Vehumet
Yredelemnul
Zin
The Shining One

Shops:
D:5 (


Innate Abilities, Weirdness & Mutations

You have a pair of small horns on your head.
You have a somewhat thin skeletal structure. (Dex +2, Stealth)
You are completely covered in sharp spines.


Message History

Unknown command.
You closely miss the orc wizard.
You hit the worker ant but do no damage.
You block the worker ant's attack.
The orc wizard hits you with a +0 dagger.
The worker ant bites you.
You barely miss the orc wizard. You hit the worker ant.
You feel better.
The orc wizard is struck by your spines.
The orc wizard misses you.
The worker ant is struck by your spines.
The worker ant bites you.
The orc wizard casts a spell.
The orc wizard seems to speed up.
The orc wizard gestures at you while chanting.
The puff of flame hits you!
* * * LOW HITPOINT WARNING * * *
The worker ant closely misses you.
The orc wizard zaps a wand.
The bolt of acid hits you!!
You die...
Your body crumbles into a pile of gold.

.............# ....#.#
.............# ...#.#####
.............# ...#.....#
...[.........# ..#....<#
.............# ..#...))#
....Y........# #.#.###)#
.............# #.#.# #.#
......o.B....# ##.#.# #.#
$........@...####....###.#
...>.......$$.)...........
....:.)......##...........
...............)...#.###.#
.............##....#.##...
......?......##....#.##...
...................#.##...
$
.........!............)..
........#.....#..#...


You could see an ice beast, a worker ant and an orc wizard (fast).

Vanquished Creatures
  Pikel (D:5)
  Sigmund (D:4)
  Duvessa (D:7)
  A necrophage (D:6)
  2 sky beasts (D:5)
  A phantom (D:4)
  A centaur (D:5)
  3 ogres
  A bullfrog (D:4)
  Dowan (D:7)
  A water moccasin zombie (D:7)
  A howler monkey (D:5)
  2 orc priests
  Crazy Yiuf (D:4)
  3 centaur skeletons
  3 hounds
  4 orc wizards
  An iguana (D:7)
  Robin (Temple)
  3 adders
  2 gnolls (D:3)
  A shadow imp (D:4)
  3 white imps
  An ufetubus (D:6)
  An ooze (D:3)
  A worm (D:2)
  3 dart slugs
  5 leopard geckos
  23 orcs
  8 bats
  2 giant cockroaches (D:3)
  15 goblins
  8 hobgoblins
  6 jackals
  A quokka (D:5)
  A ball python (D:2)
  2 frilled lizards
  5 kobolds
  A leopard gecko zombie (D:7)
  5 rats
127 creatures vanquished.

Vanquished Creatures (others)
  An orc (D:5)
1 creature vanquished.

Grand Total: 128 creatures vanquished

Notes
Turn   | Place    | Note
-------+----------+-------------------------------------------
     0 | D:1      | MisterFreud the Demonspawn Ice Elementalist began the quest
                  | for the Orb.
     0 | D:1      | Reached XP level 1. HP: 13/13 MP: 3/3
   303 | D:1      | Reached skill level 4 in Ice Magic
   311 | D:1      | Gained mutation: You have a pair of small horns on your
                  | head. [demonic ancestry]
   311 | D:1      | Reached XP level 2. HP: 18/19 MP: 3/5
  1246 | D:2      | Noticed a +0 hand axe
  1246 | D:2      | Noticed a +0 dagger
  1247 | D:2      | Found a hide-covered altar of Uskayaw.
  1370 | D:2      | Noticed an ogre
  1381 | D:3      | Gained mutation: You are partially covered in sharp spines.
                  | [demonic ancestry]
  1381 | D:3      | Reached XP level 3. HP: 24/24 MP: 6/6
  1386 | D:3      | Learned a level 3 spell: Frozen Ramparts
  1598 | D:3      | Found a radiant altar of Vehumet.
  1859 | D:3      | Reached skill level 5 in Ice Magic
  2274 | D:2      | Reached XP level 4. HP: 23/30 MP: 7/7
  2446 | D:2      | Learned a level 3 spell: Ozocubu's Armour
  2750 | D:2      | Killed an ogre
  2751 | D:2      | Reached skill level 6 in Ice Magic
  2751 | D:2      | Gained mutation: You are mostly covered in sharp spines.
                  | [demonic ancestry]
  2751 | D:2      | Reached XP level 5. HP: 25/35 MP: 0/8
  3169 | D:3      | Found a shimmering blue altar of Sif Muna.
  3321 | D:4      | Found a staircase to the Ecumenical Temple.
  3329 | D:4      | Noticed Robin
  3331 | D:4      | Noticed Sigmund
  3334 | D:4      | Reached XP level 6. HP: 38/41 MP: 11/11
  3342 | Temple   | Entered the Ecumenical Temple
  3350 | Temple   | Killed Robin
  3624 | Temple   | Became a worshipper of Gozag Ym Sagoz the Greedy
  3679 | D:4      | Killed Sigmund
  3938 | D:4      | You fall into a shaft and drop 2 floors!
  4113 | D:5      | Entered Level 5 of the Dungeon
  4142 | D:5      | Gained mutation: You have a somewhat thin skeletal
                  | structure. (Dex +2, Stealth) [demonic ancestry]
  4142 | D:5      | Reached XP level 7. HP: 28/46 MP: 13/13
  4164 | D:5      | Noticed Pikel
  4177 | D:5      | Killed Pikel
  4178 | D:5      | Reached skill level 8 in Ice Magic
  4179 | D:5      | Gained mutation: You are completely covered in sharp
                  | spines. [demonic ancestry]
  4179 | D:5      | Reached XP level 8. HP: 19/52 MP: 8/14
  4430 | D:5      | You fall into a shaft and drop 1 floor!
  4505 | D:5      | Found a stormy altar of Qazlal.
  4722 | D:5      | Reached skill level 9 in Ice Magic
  4860 | D:5      | Found Ponyzidgh's Weapon Shop.
  5293 | D:5      | Found a glowing silver altar of Zin.
  5997 | D:4      | Reached skill level 10 in Ice Magic
  5997 | D:4      | Reached skill level 1 in Fighting
  6331 | D:4      | Found a runed translucent door.
  6332 | D:4      | Noticed Crazy Yiuf
  6670 | D:4      | Killed Crazy Yiuf
  7214 | D:7      | Reached XP level 9. HP: 51/66 MP: 8/15
  7219 | D:7      | Noticed Duvessa
  7219 | D:7      | Noticed Dowan
  7235 | D:7      | Killed Duvessa
  7236 | D:7      | Reached skill level 5 in Fighting
  7243 | D:7      | Killed Dowan
  7416 | D:7      | Killed from afar by an orc wizard

Illustrated notes

Levels and vault maps discovered:
D:1:      co_arrival_random_square_maze, layout_basic
D:2:      layout_loops_corners, dancing_weapons_uskayaw
D:3:      layout_loops_ring, lemuel_blue_sif_altar, vehumet_crystals,
          grunt_ministairs_15
D:4:      layout_basic, temple_fountains, grunt_decor_mini_mirrors, uniq_robin,
          uniq_crazy_yiuf_cottage, uniq_sigmund
D:5:      layout_layer_cave, nicolae_overflow_hidden_temple,
          lemuel_coloured_pillars_altar, serial_shops, shop, uniq_pikel
D:6:      layout_loops_ring, gammafunk_ghost_arena
D:7:      layout_basic, uniq_duvessa
Temple:   regret_index_temple_sphere_string

Skill      XL: |  1  2  3  4  5  6  7  8  9 |
---------------+----------------------------+-----
Ice Magic      | 4 5 6 8 10 | 10.0
Spellcasting   | 3 4 |  4.0
Fighting       | 4 5 |  5.3
Dodging        | |  1.7
Stealth        | |  1.7

Action                   |  1- 3 |  4- 6 |  7- 9 || total
-------------------------+-------+-------+-------++-------
Melee: Dagger            |    14 |       |       ||    14
       Unarmed           |     1 |       |       ||     1
       Hand axe          |    66 |    57 |   112 ||   235
       Headbutt          |    12 |     6 |    14 ||    32
Throw: Dart              |       |       |     3 ||     3
 Cast: Freeze            |    15 |     1 |       ||    16
       Frozen Ramparts   |     1 |     4 |     9 ||    14
       Ozocubu's Armour  |       |     3 |     4 ||     7
  Use: Scroll            |       |     4 |       ||     4
       Potion            |       |     2 |       ||     2
 Stab: Sleeping          |     5 |     4 |     8 ||    17
       Distracted        |       |       |     1 ||     1
Armor: Robe              |    17 |    11 |    18 ||    46
Dodge: Dodged            |    49 |    48 |    92 ||   189
Block: Other             |    17 |    19 |    27 ||    63
       Reflection        |       |     3 |     5 ||     8
